 Dungeon Crawl Stone Soup version 0.27-a0-597-g524d869a0f (webtiles) character file.

Game seed: 8898444220317277148

170 jasper the Sneak (level 5, -6/24 HPs)
             Began as a Spriggan Enchanter on Mar 11, 2021.
             Mangled by a mummy (11 damage)
             ... in an ossuary.
             The game lasted 00:08:59 (5128 turns).

jasper the Sneak (Spriggan Enchanter)               Turns: 5128, Time: 00:09:00

Health: -6/24      AC:  2    Str:  4    XL:     5   Next: 25%
Magic:  0/10       EV: 18    Int: 18    God:
Gold:   191        SH:  0    Dex: 15    Spells: 1/10 levels left

rFire    . . .     SeeInvis +   a - +1 dagger
rCold    . . .     Faith    .   (shield restricted)
rNeg     . . .     Spirit   .   b - +0 robe
rPois    .         Reflect  .   (helmet restricted)
rElec    .         Harm     .   (no cloak)
rCorr    .         Rampage  .   (gloves unavailable)
Will     .....                  (boots unavailable)
Stlth    +++.......             (no amulet)
HPRegen  0.08/turn              (no ring)
MPRegen  0.12/turn              (no ring)

@: very quick
A: very small, unfitting armour, see invisible, speed 3
a: no special abilities


You were in an ossuary.
You visited 1 branch of the dungeon, and saw 4 of its levels.
You also visited: Ossuary.

You collected 191 gold pieces.

Inventory:

Hand Weapons
 a - a +1 dagger (weapon)
 j - a +0 hunting sling of freezing
Missiles
 d - 94 stones
 f - 7 boomerangs
 g - 13 poisoned darts
 k - 45 sling bullets
 m - 3 boomerangs of dispersal
Armour
 b - a +0 robe (worn)
Jewellery
 o - an amulet of guardian spirit
Scrolls
 c - 2 scrolls of enchant armour {unknown}
 h - 2 scrolls of enchant weapon {unknown}
 i - a scroll of identify {unknown}
 n - 2 scrolls of fog {unknown}
Potions
 e - a potion of attraction {unknown}
 l - a potion of curing {unknown}


   Skills:
 - Level 1.1 Short Blades
 + Level 4.0 Dodging
 * Level 6.7 Stealth
 - Level 3.0 Spellcasting
 * Level 5.3 Hexes


You had one spell level left.
You knew the following spells:

 Your Spells              Type           Power      Damage    Failure   Level
a - Corona                Hex            23%        N/A       1%          1
b - Ensorcelled Hibernat  Hex/Ice        24%        N/A       9%          2
c - Confusing Touch       Hex            21%        N/A       5%          3
d - Tukima's Dance        Hex            21%        N/A       5%          3

Your spell library contained the following spells:

 Spells                   Type           Power      Damage    Failure   Level
 Dazzling Flash           Conj/Hex       24%        N/A       17%         3


Dungeon Overview and Level Annotations

Branches:
Dungeon (4/15)            Ossuary (1/1)
 Temple: D:4-7

Altars:
Nemelex Xobeh


Innate Abilities, Weirdness & Mutations

You are very small and have problems with some larger weapons.
You are too small for most types of armour.
You have supernaturally acute eyesight. (SInv)
You cover ground extremely quickly. (Speed+++)


Message History

The mummy is heavily damaged.
The kobold zombie barely misses you. The mummy completely misses you.
You barely miss the mummy.
The mummy is heavily damaged.
The kobold zombie completely misses you.
Casting: Confusing Touch (quite dangerous; 5% risk of failure)
Confirm with . or Enter, or press ? or * to list all spells.
You don't have enough magic to cast this spell.
There are monsters nearby!
You hit the mummy.
The mummy is heavily damaged.
The mummy barely misses you.
You hit the mummy but do no damage.
The mummy is heavily damaged.
The kobold zombie closely misses you. The mummy closely misses you.
You hit the mummy but do no damage.
The mummy is heavily damaged.
The kobold zombie misses you.
You barely miss the mummy.
The mummy is heavily damaged.
The mummy misses you. The kobold zombie misses you.
Casting: Confusing Touch (quite dangerous; 5% risk of failure)
Confirm with . or Enter, or press ? or * to list all spells.
The spell is quite dangerous to cast (5% risk of failure)!
Continue anyway?
Your hands begin to glow red.
Your magical contamination has completely faded away.
You now have 0/10 mp.
You hit the mummy but do no damage.
The mummy is heavily damaged.
The kobold zombie completely misses you.
The mummy hits you!
* * * LOW HITPOINT WARNING * * *
You take 8 damage, and have 5/24 hp.
MASSIVE DAMAGE!!
You hit the mummy but do no damage.
The mummy appears confused.
The mummy is heavily damaged.
The kobold zombie closely misses you.
You hit the mummy.
The mummy is severely damaged.
The mummy hits you!
You die...

#...#.......# #...#
#...#.......# #...#
#...#.....∩.# #...#
#...####+.... #...#
#...# #...# #...#
#...# #...#
#...##############...#
#............ZZ......#
#.........∩∩@MZ......#
######################


You could see a mummy (confused), a jackal zombie, a hobgoblin zombie and a
kobold zombie.

Vanquished Creatures
  2 mummies
  5 adders
  An ooze (D:3)
  An adder zombie (D:3)
  2 worms
  3 dart slugs
  2 leopard geckos
  2 orcs (D:3)
  3 giant cockroaches
  2 goblins
  8 hobgoblins
  4 jackals (D:3)
  10 kobolds
  2 quokkas
  2 ball pythons
  4 bats
  4 frilled lizards
  9 hobgoblin zombies (Ossuary)
  A jackal zombie (Ossuary)
  9 kobold zombies (Ossuary)
  4 orc zombies (Ossuary)
  8 rats
  2 rat zombies (Ossuary)
90 creatures vanquished.

Vanquished Creatures (others)
  22 plants (D:1)
22 creatures vanquished.

Grand Total: 112 creatures vanquished

Notes
Turn   | Place    | Note
-------+----------+-------------------------------------------
     0 | D:1      | jasper the Spriggan Enchanter began the quest for the Orb.
     0 | D:1      | Reached XP level 1. HP: 9/9 MP: 5/5
   652 | D:2      | Reached XP level 2. HP: 13/13 MP: 6/6
   655 | D:2      | Learned a level 2 spell: Ensorcelled Hibernation
  1594 | D:1      | Reached skill level 5 in Stealth
  1890 | D:2      | Reached XP level 3. HP: 15/16 MP: 1/8
  3015 | D:3      | Reached XP level 4. HP: 14/21 MP: 9/9
  3019 | D:3      | Learned a level 3 spell: Confusing Touch
  3023 | D:3      | Learned a level 3 spell: Tukima's Dance
  3358 | D:3      | Found a sparkling altar of Nemelex Xobeh.
  3397 | D:3      | Reached skill level 6 in Stealth
  3783 | D:3      | Reached skill level 5 in Hexes
  4393 | D:4      | Found a sand-covered staircase.
  4404 | D:4      | Reached XP level 5. HP: 16/24 MP: 6/10
  4424 | Ossuary  | Entered an ossuary
  5128 | Ossuary  | Mangled by a mummy

Illustrated notes

Levels and vault maps discovered:
D:1:      psy_arrival_dodecagon, layout_basic, serial_forest,
          infiniplex_forest_clump_diagonal, infiniplex_forest_clump_long,
          infiniplex_forest_straight_4, infiniplex_forest_straight_3,
          infiniplex_forest_clump_tiny, corexii_leaking_fountain,
          lexackson_kobold_supper
D:2:      layout_loops_ring
D:3:      layout_loops_cross, nemelex_diamond_rough_becter
D:4:      layout_cave_pods, kennysheep_mini, serial_park, serial_park_square1
          [serial_park_minivault_5x5_7], serial_park_avenue1,
          serial_park_square1 [serial_park_minivault_5x5_2], serial_park_square1
          [serial_park_minivault_5x5_1], serial_park_tiny_1,
          gup_ossuary_entry_pyramid, kennysheep_opposing_triangles
Ossuary:  ossuary_tomb_1

Skill      XL: |  1  2  3  4  5 |
---------------+----------------+-----
Hexes          | 4 5 |  5.3
Dodging        | 3 4 |  4.0
Stealth        | 5 6 |  6.7
Spellcasting   | 3 |  3.0
Short Blades   | |  1.1

Action                   |  1- 3 |  4- 6 || total
-------------------------+-------+-------++-------
Melee: Dagger            |    75 |   159 ||   234
 Fire: Hunting sling     |    23 |   111 ||   134
Throw: Boomerang         |    22 |       ||    22
 Cast: Corona            |     2 |       ||     2
       Ensorcelled Hiber |    25 |     1 ||    26
       Confusing Touch   |       |     8 ||     8
  Use: Scroll            |     1 |       ||     1
       Potion            |     1 |       ||     1
 Stab: Sleeping          |    25 |     1 ||    26
       Confused          |       |     7 ||     7
Armor: Robe              |     3 |    20 ||    23
Dodge: Dodged            |    75 |   195 ||   270

Table legend: (Time is in decaauts)
 A = Elapsed time spent in this place.
 B = Non-inter-level travel time spent in this place.
 C = Inter-level travel time spent in this place.
 D = Time resting spent in this place.
 E = Time spent auto-exploring this place.
 F = Levels seen in this place.
 G = Mean time per level.
                   A        B        C        D        E       F      G
               +--------+--------+--------+--------+--------+-----+--------+
         Total |   4051 |   3907 |    144 |    786 |   2280 |   5 |  810.2 |
       Dungeon |   3403 |   3259 |    144 |    557 |   2081 |   4 |  850.8 |
       Ossuary |    648 |    648 |      0 |    229 |    198 |   1 |  648.0 |
               +--------+--------+--------+--------+--------+-----+--------+

Top non-repeatable levels by time:
     D:1: 1232 daAuts
     D:3: 1190 daAuts
     D:2: 928 daAuts
 Ossuary: 648 daAuts
     D:4: 51 daAuts
